AoeStats
← Thewanderero

MegaRandom

507561964Analyzed
4v4 RM · 15d ago on Sep 18, 2026· 56m 22s· 8 players
Game mode
Random Map
Map size
Large (8 player)
Population
200
Speed
Normal
Resources
Standard
Victory
Conquest
Starting age
Dark Age
Ending age
Imperial Age
RankedLock teamsTeams togetherTeam positionsShared explorationLock speedFull tech treeHidden civsTurbo modeCheats
Victory
Defeat
🇬🇧 Romans · United Kingdom
1147
+13
🇨🇱 Huns · Chile
1067
+16
🇬🇧 Aztecs · United Kingdom
1056
+16
🇬🇧 Franks · United Kingdom
1023
+18
🇩🇪 Maya · Germany
1098
-17
🇧🇾 Portuguese · Belarus
1089
-17
🇺🇿 Khitans · Uzbekistan
1041
-15
🇸🇪 Burgundians · Sweden
1036
-14
PIPEX1356
9:29 Loom
11:15 Feudal Age
16:53 Castle Age
14:45 Double-Bit Axe
15:34 Fletching
15:45 Padded Archer Armor
15:35 Horse Collar
21:19 Husbandry
21:30 Bloodlines
24:11 Leather Archer Armor
25:20 Wheelbarrow
27:14 Bodkin Arrow
27:27 Thumb Ring
28:51 Marauders
33:04 Scale Barding Armor
33:10 Forging
35:28 Hand Cart
38:47 Heavy Plow
40:34 Chain Barding Armor
44:51 Iron Casting
44:36 Gold Mining
44:37 Stone Mining
45:55 Gold Shaft Mining
47:55 Imperial Age
45:34 Caravan
48:19 Elite Tarkan
49:20 Atheism
52:32 Bow Saw
52:54 Sappers
53:44 Conscription
54:28 Blast Furnace
54:13 Plate Barding Armor
56:02 Chemistry
55:22 Ballistics
54:58 Murder Holes
Cally-So-Decent
10:27 Feudal Age
8:47 Loom
11:36 Double-Bit Axe
17:08 Castle Age
18:30 Arson
18:05 Eagle Warrior
20:00 Wheelbarrow
19:51 Horse Collar
22:00 Forging
25:19 Squires
26:52 Hand Cart
27:10 Town Watch
29:22 Town Patrol
32:56 Imperial Age
32:26 Iron Casting
31:51 Scale Mail Armor
32:55 Heavy Plow
33:18 Bow Saw
34:47 Blast Furnace
34:13 Chain Mail Armor
35:53 Crop Rotation
36:15 Elite Eagle Warrior
38:59 Conscription
39:36 Plate Mail Armor
40:44 Fletching
41:23 Bodkin Arrow
42:32 Bracer
42:42 Pikeman
43:01 Pikeman
44:11 Garland Wars
48:44 Treadmill Crane
50:02 Caravan
51:20 Atlatl
51:48 Elite Skirmisher
52:31 Padded Archer Armor
53:57 Leather Archer Armor
Pooooooooooooopl
6:18 Loom
9:48 Feudal Age
10:47 Double-Bit Axe
12:35 Horse Collar
14:15 Forging
18:23 Wheelbarrow
22:25 Castle Age
21:25 Scale Barding Armor
22:00 Scale Mail Armor
23:37 Squires
23:55 Chain Mail Armor
24:16 Iron Casting
23:31 Man-at-Arms
24:54 Long Swordsman
29:34 Hand Cart
32:53 Fletching
33:09 Scale Barding Armor
34:16 Bodkin Arrow
38:20 Imperial Age
37:40 Town Watch
37:48 Gold Mining
38:01 Heavy Plow
39:51 Gold Shaft Mining
39:05 Legionary
40:48 Blast Furnace
41:11 Ballistas
41:27 Comitatenses
41:28 Conscription
55:39 Caravan
Sulzmania
12:05 Feudal Age
12:08 Man-at-Arms
12:34 Double-Bit Axe
14:23 Gold Mining
14:52 Fletching
15:17 Forging
18:44 Castle Age
17:02 Forging
21:01 Bow Saw
21:28 Gold Shaft Mining
25:12 Stone Mining
25:29 Fishing Lines
27:02 Medium Warships
31:23 Imperial Age
28:50 Demolition Ship
29:52 Fletching
30:07 Scale Barding Armor
30:38 Iron Casting
31:20 Husbandry
31:41 Chain Barding Armor
33:42 Blast Furnace
34:26 Masonry
35:23 Plate Barding Armor
36:00 Conscription
37:31 Chemistry
36:29 Loom
36:31 Town Watch
37:21 Bodkin Arrow
38:19 Wheelbarrow
38:12 Cavalier
40:12 Ballistics
40:23 Architecture
43:27 Chivalry
43:52 Capped Ram
45:24 Siege Engineers
45:30 Scale Mail Armor
46:37 Caravan
48:01 Chain Mail Armor
47:48 Squires
47:34 Arson
47:58 Paladin
48:59 Herbal Medicine
50:20 Plate Mail Armor
49:57 Light Cavalry
50:13 Elite Throwing Axeman
51:20 #83
52:26 Hoardings
53:10 Fortified Wall
52:47 Heavy Scorpion
54:15 Arrowslits
54:20 Guard Tower
54:26 Murder Holes
White
9:38 Loom
11:56 Feudal Age
11:35 Double-Bit Axe
17:55 Bow Saw
17:30 Horse Collar
20:44 Heavy Plow
24:54 Castle Age
27:17 Stone Mining
27:45 Crossbowman
29:33 Gold Mining
30:48 Two-Man Saw
30:25 Crop Rotation
32:24 Wheelbarrow
32:23 Husbandry
32:43 Cavalier
35:29 Town Watch
37:00 Forging
36:55 Scale Barding Armor
43:00 Imperial Age
43:09 Hand Cart
44:35 Iron Casting
44:21 Squires
43:42 Pikeman
49:39 Halberdier
56:41 Murder Holes
Dustwalker
3:47 Loom
11:25 Feudal Age
12:18 Gold Mining
13:15 Horse Collar
13:38 Double-Bit Axe
18:56 Scale Mail Armor
22:06 Castle Age
21:41 Wheelbarrow
22:44 Forging
22:24 Fletching
22:52 Elite Skirmisher
22:57 Eagle Warrior
26:51 Bodkin Arrow
29:09 Arson
30:54 Chain Mail Armor
31:15 Iron Casting
32:12 Thumb Ring
32:46 Crossbowman
34:20 Padded Archer Armor
35:25 Hand Cart
37:23 Leather Archer Armor
38:57 Ballistics
43:43 Imperial Age
42:20 Bow Saw
47:10 Chemistry
46:37 Squires
46:12 Arbalester
47:49 Conscription
49:14 Bracer
49:37 Elite Plumed Archer
50:57 Elite Eagle Warrior
51:36 Pikeman
53:13 Halberdier
55:56 Plate Mail Armor
Thewanderero
7:34 Loom
9:56 Feudal Age
10:27 Double-Bit Axe
11:04 Horse Collar
17:26 Bloodlines
17:33 Stone Mining
17:33 Gold Mining
17:36 Town Watch
19:18 Wheelbarrow
19:06 Forging
20:43 Fishing Lines
23:35 Scale Barding Armor
27:54 Castle Age
30:39 Bow Saw
30:33 Heavy Plow
31:23 Chain Barding Armor
31:55 Hand Cart
33:21 Iron Casting
34:37 Husbandry
41:44 Imperial Age
43:04 Plate Barding Armor
43:29 Blast Furnace
44:39 Crop Rotation
45:40 Chemistry
44:22 Treadmill Crane
45:24 Arquebus
45:45 Conscription
45:56 Cavalier
47:58 Padded Archer Armor
50:51 Leather Archer Armor
53:15 Two-Man Saw
56:05 Bombard Tower
55:56 Masonry
55:52 Siege Engineers
56:08 Ballistics
56:29 Ring Archer Armor
KUBEPTYPMA
12:17 Feudal Age
12:57 Double-Bit Axe
12:55 Domestication
14:16 Loom
21:33 Castle Age
21:19 Town Watch
25:27 Husbandry
27:25 Fletching
27:36 Padded Archer Armor
28:12 Gold Mining
29:20 Ballistics
30:47 Wheelbarrow
30:22 Bodkin Arrow
31:43 Leather Archer Armor
43:06 Imperial Age
41:59 Forging
41:50 Scale Mail Armor
42:51 Bow Saw
43:14 Pikeman
43:57 Squires
43:42 Arson
44:17 Gambesons
45:37 Iron Casting
45:18 Chain Mail Armor
45:01 Elite Fire Lancer
46:30 Conscription
47:15 Two-Man Saw
47:14 Treadmill Crane
48:35 Caravan
51:44 Plate Mail Armor
51:20 Scale Barding Armor
50:45 Light Cavalry
51:35 Hussar
53:09 Chain Barding Armor
57:09 Plate Barding Armor
Connection lost

Rejoining the realm…

Still unreachable

The connection could not be restored.

Session expired

The server has moved on; the page needs a fresh start.